 Dungeon Crawl Stone Soup version 0.30.1-11-g7821555f0a (webtiles) character file.

Game seed: 10266809593239185700

4028 jagang the Protected (level 10, -7/83 HPs)
             Began as a Barachi Monk on Dec 20, 2023.
             Was an Elder of the Shining One.
             Mangled by a two-headed ogre
             ... wielding a +0 giant club
              (15 damage)
             ... on level 8 of the Dungeon.
             The game lasted 00:19:59 (7063 turns).

jagang the Protected (Barachi Monk)                 Turns: 7063, Time: 00:20:00

Health: -7/83      AC: 18    Str: 18    XL:     10   Next: 24%
Magic:  13/13      EV: 12    Int: 12    God:    the Shining One [****..]
Gold:   375        SH:  0    Dex: 18    Spells: 9/9 levels left

rFire   . . .        n - +0 long sword
rCold   . . .        d - orb {light}
rNeg    + + .        f - +0 plate armour
rPois   .            b - +0 helmet
rElec   .            (no cloak)
rCorr   .            s - +0 pair of gloves
SInv    .            (no boots)
Will    .....        g - amulet of magic regeneration Stlth
                     h - +5 ring of evasion
HPRegen 0.33/turn    v - +6 ring of strength
MPRegen 0.53/turn

%: no passive effects
@: unable to hop, glowing, slow
A: amphibious, slowness 1, strong legs 1, +LOS
a: Hop, Renounce Religion, Divine Shield, Cleansing Flame


You were on level 8 of the Dungeon.
You worshipped the Shining One.
The Shining One was greatly pleased with you.
You visited 1 branch of the dungeon, and saw 8 of its levels.

You collected 375 gold pieces.

Inventory:

Hand Weapons
 n - a +0 long sword (weapon)
Missiles
 l - 2 poisoned darts (quivered)
 y - a javelin
 B - 2 throwing nets
Armour
 b - a +0 helmet (worn)
 d - an orb of light (worn)
 f - a +0 plate armour (worn)
 s - a +0 pair of gloves (worn)
Jewellery
 g - an amulet of magic regeneration (around neck)
 h - a +5 ring of evasion (left hand)
 u - a ring of fire
 v - a +6 ring of strength (right hand)
Wands
 a - a wand of mindburst (11)
 k - a wand of flame (5)
Scrolls
 e - a scroll of amnesia
 j - 2 scrolls of fog
 m - a scroll of silence
 o - 2 scrolls of teleportation
 q - 3 scrolls of enchant armour
 r - a scroll of butterflies {unknown}
 t - a scroll of noise {unknown}
 w - 2 scrolls of brand weapon {unknown}
 A - a scroll of immolation {unknown}
 C - a scroll of blinking {unknown}
 F - a scroll of fear {unknown}
Potions
 c - 2 potions of attraction
 i - a potion of brilliance
 p - a potion of degeneration {unknown}
 x - a potion of curing
 z - a potion of magic {unknown}
 D - a potion of cancellation {unknown}
 E - a potion of lignification {unknown}
 G - a potion of haste {unknown}


   Skills:
 * Level 9.2 Fighting
 * Level 9.1 Long Blades
 * Level 11.2 Armour
 - Level 3.2 Dodging
 + Level 4.2 Invocations


You had 9 spell levels left.
You didn't know any spells.
Your spell library contained the following spells:

 Spells                   Type           Power      Damage    Failure   Level
 Magic Dart               Conj           0%         1d3       100%        1
 Slow                     Hex            0%         N/A       100%        1
 Cigotuvi's Dreadful Rot  Necr/Pois/Air  0%         N/A       100%        2
 Ensorcelled Hibernation  Hex/Ice        0%         N/A       100%        2
 Poisonous Vapours        Pois/Air       0%         N/A       100%        2
 Searing Ray              Conj           0%         2d4       100%        2
 Confusing Touch          Hex            0%         N/A       100%        3
 Ignite Poison            Fire/Tmut/Pois 0%         N/A       100%        3
 Mephitic Cloud           Conj/Pois/Air  0%         N/A       100%        3
 Spider Form              Tmut/Pois      0%         N/A       100%        3
 Vampiric Draining        Necr           0%         2d6       100%        3
 Anguish                  Hex/Necr       0%         N/A       100%        4
 Fulminant Prism          Conj/Hex       0%         3d5       100%        4
 Freezing Cloud           Conj/Ice/Air   0%         6-21      100%        5


Dungeon Overview and Level Annotations

Branches:
Dungeon (8/15)             Temple (0/1) D:5
   Lair: D:8-11

Altars:
Dithmenos
Elyvilon
Fedhas
Gozag
Kikubaaqudgha
Trog
Yredelemnul
The Shining One

Shops:
D:1 [   D:4 (:   D:5 *

Annotations:
D:6 1 runed translucent door, porpoise's ghost, novice DjEE
D:7 3 runed translucent doors, comborobin's ghost, novice FoDe
D:8 Prince Ribbit


Innate Abilities, Weirdness & Mutations

You are amphibious.
You cover ground slowly.
You can hop short distances.
You have an extended range of vision and can be seen from far away.


Message History

Throw: 5 darts (poison)
Press: ? - help, Q - select action, (/) - cycle Shift-Dir - straight line, f/p - two-headed ogre
Aim: a two-headed ogre, wielding a +0 giant club and a +0 giant spiked club (poisoned, haloed, 94% to hit)
You throw a poisoned dart.
The poisoned dart hits the two-headed ogre.
The two-headed ogre looks even sicker.
Throw: 4 darts (poison)
Press: ? - help, Q - select action, (/) - cycle Shift-Dir - straight line, f/p - two-headed ogre
Aim: a two-headed ogre, wielding a +0 giant club and a +0 giant spiked club (lightly wounded, very poisoned, haloed, 94% to hit)
You throw a poisoned dart.
The poisoned dart hits the two-headed ogre.
The two-headed ogre looks even sicker.
The two-headed ogre is lightly wounded.
Throw: 3 darts (poison)
Press: ? - help, Q - select action, (/) - cycle Shift-Dir - straight line, f/p - two-headed ogre
Aim: a two-headed ogre, wielding a +0 giant club and a +0 giant spiked club (lightly wounded, very poisoned, haloed, 94% to hit)
You throw a poisoned dart.
The poisoned dart hits the two-headed ogre.
The two-headed ogre looks as sick as possible!
The two-headed ogre is lightly wounded.
Hop to where?
Press: ? - help, Dir - move target, p - two-headed ogre Boing!
Things that are here:
a poisoned dart; a killer bee corpse You see here a poisoned dart.
You see here a poisoned dart.
You hit the two-headed ogre.
The two-headed ogre is moderately wounded.
The two-headed ogre hits you with a +0 giant club!
The two-headed ogre hits you with a +0 giant spiked club!
* * * LOW HITPOINT WARNING * * *
You hit the two-headed ogre but do no damage.
The two-headed ogre is moderately wounded.
You hit the two-headed ogre but do no damage.
The two-headed ogre is moderately wounded.
The two-headed ogre hits you with a +0 giant club!
* * * LOW HITPOINT WARNING * * *
The two-headed ogre hits you with a +0 giant spiked club!
You die...

... ... ...#### ......#
......# ......# ########
......# ........
......###########........
.....)+).((((((O@........
......#########..........
...#'## #.......... .. #.
#.......[.. ~ ##
########### # ##...
#.#....


You could see a two-headed ogre (very poisoned).

Vanquished Creatures
  Pikel (D:4)
  An unseen horror zombie (D:8)
  A wyvern (D:7)
  A steam dragon (D:7)
  A water moccasin (D:6)
  3 orc warriors
  An ice beast (D:7)
  3 black bears
  A sky beast (D:7)
  3 ogres
  3 centaurs
  A kobold brigand (D:6)
  2 phantoms
  2 necrophages (D:8)
  A scorpion (D:5)
  3 wights (D:8)
  3 killer bees (D:8)
  5 howler monkeys
  2 centaur zombies (D:8)
  3 jellies
  A human zombie (D:8)
  An orc priest (D:7)
  A gnoll bouda (D:6)
  2 hounds
  Ijyb (D:4)
  2 orc wizards
  2 iguanas
  2 mummies (D:8)
  Robin (D:4)
  A howler monkey zombie (D:8)
  8 adders
  12 gnolls
  4 shadow imps
  3 white imps
  A worm (D:5)
  2 dart slugs (D:2)
  20 orcs
  3 ball pythons
  6 endoplasms
  13 goblins
  8 hobgoblins
  4 jackals (D:2)
  A quokka (D:5)
  4 bats
  2 frilled lizards
  18 kobolds
  7 rats
171 creatures vanquished.

Notes
Turn   | Place    | Note
-------+----------+-------------------------------------------
     0 | D:1      | jagang the Barachi Monk began the quest for the Orb.
     0 | D:1      | Reached XP level 1. HP: 18/18 MP: 1/1
    96 | D:1      | Reached skill level 1 in Armour
   102 | D:1      | Reached XP level 2. HP: 24/25 MP: 2/2
   336 | D:1      | Found Runt's Antique Armour Shoppe.
   763 | D:2      | Reached skill level 2 in Armour
   824 | D:2      | Reached XP level 3. HP: 29/30 MP: 3/3
   829 | D:2      | Found a glowing golden altar of the Shining One.
   839 | D:2      | Became a worshipper of the Shining One
   839 | D:2      | Reached * piety under the Shining One
   839 | D:2      | Reached ** piety under the Shining One
  1002 | D:2      | Reached skill level 3 in Armour
  1002 | D:2      | Reached XP level 4. HP: 25/37 MP: 4/4
  1641 | D:3      | Reached XP level 5. HP: 38/43 MP: 5/5
  1692 | D:3      | Found a shadowy altar of Dithmenos.
  2119 | D:4      | Found Ydoz's Antique Weapon Shoppe.
  2131 | D:4      | Reached skill level 4 in Armour
  2340 | D:4      | Found a blossoming altar of Fedhas.
  2420 | D:4      | Noticed a lemure
  2421 | D:4      | Noticed Pikel
  2422 | D:4      | Noticed a lemure
  2422 | D:4      | Noticed a lemure
  2422 | D:4      | Noticed a lemure
  2447 | D:4      | HP: 2/43 [Pikel/+1 whip of electrocution (2)]
  2455 | D:4      | HP: 1/64 [lemure[Pikel] (3)]
  2456 | D:4      | Killed Pikel
  2457 | D:4      | Reached skill level 5 in Long Blades
  2457 | D:4      | Reached skill level 6 in Armour
  2457 | D:4      | Reached XP level 6. HP: 1/52 MP: 6/6
  2457 | D:4      | Reached XP level 7. HP: 1/58 MP: 7/7
  2977 | D:4      | Found Liymm's Book Shop.
  3033 | D:4      | Found an ancient bone altar of Kikubaaqudgha.
  3033 | D:4      | Found a bloodstained altar of Trog.
  3246 | D:4      | Noticed Ijyb
  3256 | D:4      | Killed Ijyb
  3537 | D:4      | Reached skill level 7 in Armour
  3609 | D:4      | Noticed Robin
  3639 | D:4      | Killed Robin
  3898 | D:5      | Entered Level 5 of the Dungeon
  3908 | D:5      | Reached XP level 8. HP: 39/65 MP: 8/8
  4169 | D:5      | Reached skill level 8 in Armour
  4270 | D:5      | Found an opulent altar of Gozag.
  4432 | D:5      | Found a white marble altar of Elyvilon.
  4508 | D:5      | Found a staircase to the Ecumenical Temple.
  4592 | D:5      | Reached skill level 1 in Invocations
  4648 | D:5      | Found Zearycy's Gadget Gallery.
  4939 | D:6      | Reached skill level 9 in Armour
  4939 | D:6      | Reached XP level 9. HP: 49/72 MP: 10/10
  5064 | D:6      | Found a runed translucent door.
  5065 | D:6      | Noticed porpoise's ghost (novice DjEE)
  5095 | D:6      | Reached *** piety under the Shining One
  5683 | D:7      | Reached skill level 10 in Armour
  5933 | D:7      | Noticed comborobin's ghost (novice FoDe)
  5944 | D:7      | Found a runed translucent gate.
  5944 | D:7      | Found a runed translucent gate.
  5944 | D:7      | Found a runed translucent gate.
  6577 | D:8      | Reached XP level 10. HP: 82/82 MP: 12/12
  6692 | D:8      | Found a basalt altar of Yredelemnul.
  6692 | D:8      | Reached **** piety under the Shining One
  6781 | D:8      | Reached skill level 11 in Armour
  6854 | D:8      | Noticed Prince Ribbit
  6855 | D:8      | Noticed a two-headed ogre
  6867 | D:8      | HP: 3/83 [two-headed ogre/+0 giant club (17)]
  7063 | D:8      | Mangled by a two-headed ogre

Illustrated notes

Levels and vault maps discovered:
D:1:      ncdulo_wetmaze, layout_basic, serial_shops,
          nicolae_shop_real_fake_doors
D:2:      layout_rooms, basic_altar, minmay_misc_feat_square,
          hangedman_abyss_or_decor_stabs, grunt_ministairs_14
D:3:      layout_loops_ring, mainiacjoe_overflow_24_doors
D:4:      layout_layer_cave, fedhas_altar_1, gammafunk_temple_overflow_elements,
          serial_shops, shop, shop, small_statue_alley_b, uniq_pikel,
          uniq_robin, uniq_ijyb
D:5:      layout_basic, nicolae_elyvilon_temple_path,
          mainiacjoe_overflow_concentric_impassable, temple_pool_b,
          nicolae_shop_gadgets
D:6:      layout_rooms, ebering_ghost_sewer_d
D:7:      layout_basic, gammafunk_ghost_split
D:8:      layout_basic, grunt_temple_overflow_champion_of_chaos,
          lemuel_mausoleum_altar_yredelemnul, zin_angel, uniq_prince_ribbit1

Skill      XL: |  1  2  3  4  5  6  7  8  9 10 |
---------------+-------------------------------+-----
Armour         | 1 2 3 6 7 9 10 11 | 11.2
Fighting       | 4 6 7 8 9 |  9.2
Long Blades    | 4 5 6 7 8 9 |  9.1
Invocations    | 2 3 4 |  4.2
Dodging        | |  3.2

Action                     |  1- 3 |  4- 6 |  7- 9 | 10-12 || total
---------------------------+-------+-------+-------+-------++-------
  Melee: Falchion          |    89 |    32 |       |       ||   121
         Long sword        |       |    79 |   334 |   105 ||   518
  Throw: Dart              |       |     4 |     1 |     6 ||    11
         Javelin           |       |       |       |     2 ||     2
Ability: Hop               |       |     2 |     2 |     3 ||     7
  Evoke: Wand              |       |       |    15 |       ||    15
    Use: Potion            |       |     4 |       |     2 ||     6
         Scroll            |       |       |     6 |     1 ||     7
 Armour: Plate armour      |    68 |    91 |   213 |    55 ||   427
  Dodge: Dodged            |    43 |    67 |   226 |    63 ||   399
